 Dungeon Crawl Stone Soup version 0.31.0-12-g77e489cdc1 (webtiles) character file.

Game seed: 16657774166853548367

167 Gadfly the Sneak (level 5, -8/37 HPs)
             Began as a Spriggan Enchanter on Feb 17, 2024.
             Mangled by Crazy Yiuf
             ... wielding a +3 quarterstaff of chaos
              (12 damage)
             ... on level 3 of the Dungeon.
             The game lasted 00:04:32 (2523 turns).

Gadfly the Sneak (Spriggan Enchanter)               Turns: 2523, Time: 00:04:33

Health: -8/37      AC:  3    Str:  4    XL:     5   Next: 23%
Magic:  9/11       EV: 18    Int: 16    God:
Gold:   124        SH:  0    Dex: 18    Spells: 5/10 levels left

rFire   + . .        b - +0 dagger (drain)
rCold   . . .        (no shield)
rNeg    . . .        h - +1 robe
rPois   .            (helmet restricted)
rElec   .            (no cloak)
rCorr   .            (gloves unavailable)
SInv    +            (boots unavailable)
Will    .....        (no amulet) Stlth
                     f - ring of protection from fire
HPRegen 0.26/turn    (no ring)
MPRegen 0.12/turn

%: no passive effects
@: berserking, lethally poisoned (-8 -> -19), very quick
A: very small, no large weapons, unfitting armour, see invisible, speed 3
a: no special abilities


You were on level 3 of the Dungeon.
You visited 1 branch of the dungeon, and saw 3 of its levels.

You collected 124 gold pieces.

Inventory:

Hand Weapons
 a - a +1 dagger
 b - a +0 dagger of draining (weapon)
 j - the +4 whip "Dragonbane" {chaos, rC- Will+ Str+3 Int+3}
   (You found it on level 2 of the Dungeon)

   Str+3:     It affects your strength (+3).
   Int+3:     It affects your intelligence (+3).
   rC-:       It makes you vulnerable to cold.
   Will+:     It increases your willpower.
Armour
 h - a +1 robe (worn)
Jewellery
 f - a ring of protection from fire (left hand)
 k - a +6 ring of strength
Scrolls
 l - a scroll of immolation {unknown}
Potions
 c - 3 potions of invisibility
 d - a potion of cancellation
 e - a potion of might
 g - 2 potions of heal wounds
 i - 2 potions of lignification {unknown}


   Skills:
 + Level 1.4 Fighting
 + Level 2.5 Short Blades
 + Level 3.4 Dodging
 + Level 5.4 Stealth
 + Level 3.4 Spellcasting
 + Level 4.2 Hexes
 + Level 2.1 Evocations


You had 5 spell levels left.
You knew the following spells:

 Your Spells              Type           Power      Damage    Failure   Level
a - Ensorcelled Hibernat  Hex/Ice        18%        N/A       12%         2
b - Confusing Touch       Hex            16%        N/A       10%         3

Your spell library contained the following spells:

 Spells                   Type           Power      Damage    Failure   Level
 Tukima's Dance           Hex            16%        N/A       10%         3
 Dazzling Flash           Conj/Hex       18%        N/A       22%         3


Dungeon Overview and Level Annotations

Branches:
Dungeon (3/15)

Altars:
Fedhas
Vehumet
Wu Jian

Annotations:
D:3 Crazy Yiuf


Innate Abilities, Weirdness & Mutations

You are very small and have problems with some larger weapons.
You are too small for most types of armour.
You have supernaturally acute eyesight. (SInv)
You cover ground extremely quickly. (Speed+++)


Message History

A ball python is nearby!
A ball python is nearby!
Things that are here:
a +0 club; a goblin corpse You hit the ball python.
The ball python is severely wounded.
The ball python closely misses you. x2
The ball python resists with significant effort.
The ball python completely misses you. The ball python misses you.
You hit the ball python.
You kill the ball python!
You now have 124 gold pieces (gained 12).
l - a scroll labelled KIANNA KIAJEBA
There is a stone staircase leading down here.
Things that are here:
a +0 club; a goblin corpse Could not explore, unopened runed door.
Could not explore, unopened runed door.
Could not explore, unopened runed door.
You open the door.
Crazy Yiuf shouts!
There is an open translucent door here.
Crazy Yiuf resists with almost no effort.
Crazy Yiuf hits you with a +3 quarterstaff of chaos!
Ouch! That really hurt!
A red film seems to cover your vision as you go berserk!
You feel yourself moving faster!
You feel mighty!
Unknown command.
You barely miss Crazy Yiuf.
Crazy Yiuf hits you with a +3 quarterstaff of chaos!
* * * LOW HITPOINT WARNING * * *
You are lethally poisoned!
You puncture Crazy Yiuf! You drain Crazy Yiuf. Your punch misses Crazy Yiuf.
Crazy Yiuf is severely wounded.
* * * LOW HITPOINT WARNING * * *
You feel sick.
* * * LOW HITPOINT WARNING * * *
You feel sick. Crazy Yiuf attacks as he pursues you!
Crazy Yiuf hits you with a +3 quarterstaff of chaos!
You die...

#### #####
...## ######
#..)# >...#
#....# #...#
....###....#
#.g.#
....##.....#
##@##
###........#
##.#
##.........#
#.##
##.........#
##.#
##......####
#.##
.>.....##
##.##
.......#####
#...##
#......##..#
##...#
#......##.##
##..##


You could see Crazy Yiuf (very drained).

Vanquished Creatures
  A gnoll bouda (D:2)
  Robin (D:3)
  3 adders (D:2)
  3 gnolls
  An orc (D:2)
  9 ball pythons
  3 bats
  5 endoplasms
  2 giant cockroaches (D:2)
  15 goblins
  14 hobgoblins
  3 kobolds (D:1)
  A quokka (D:2)
  2 frilled lizards
  4 rats
67 creatures vanquished.

Notes
Turn   | Place    | Note
-------+----------+-------------------------------------------
     0 | D:1      | Gadfly the Spriggan Enchanter began the quest for the Orb.
     0 | D:1      | Reached XP level 1. HP: 9/9 MP: 5/5
   134 | D:1      | Reached XP level 2. HP: 7/13 MP: 6/6
   206 | D:1      | Learned a level 2 spell: Ensorcelled Hibernation
   739 | D:1      | Reached skill level 1 in Evocations
   919 | D:2      | Reached XP level 3. HP: 16/17 MP: 2/8
   927 | D:2      | Learned a level 3 spell: Confusing Touch
   991 | D:2      | Reached skill level 1 in Fighting
  1118 | D:2      | Found a blossoming altar of Fedhas.
  1197 | D:2      | Identified the +4 whip "Dragonbane" {chaos, rC- Will+ Str+3
                  | Int+3}
  1275 | D:2      | Reached skill level 5 in Stealth
  1281 | D:2      | Reached XP level 4. HP: 15/22 MP: 0/9
  1574 | D:3      | Noticed Robin
  1877 | D:3      | Killed Robin
  1899 | D:2      | Reached XP level 5. HP: 18/25 MP: 1/11
  2035 | D:3      | Found a radiant altar of Vehumet.
  2214 | D:3      | Found an ornate altar of the Wu Jian Council.
  2245 | D:3      | Found a runed translucent door.
  2246 | D:3      | Noticed Crazy Yiuf
  2523 | D:3      | Mangled by Crazy Yiuf

Illustrated notes

Levels and vault maps discovered:
D:1:      zelgadis_glass_arrival_small, layout_basic, minivault_11
D:2:      layout_basic, basic_altar, kennysheep_path_1
D:3:      layout_rooms, mainiacjoe_overflow_boulevard,
          nicolae_wu_jian_immortal_techniques, nicolae_grassy_gnolls,
          uniq_crazy_yiuf_cottage, uniq_robin

Skill      XL: |  1  2  3  4  5 |
---------------+----------------+-----
Evocations     | 1 2 |  2.1
Dodging        | 3 |  3.4
Spellcasting   | 3 |  3.4
Fighting       | 1 |  1.4
Short Blades   | 2 |  2.5
Stealth        | 5 |  5.4
Hexes          | 4 |  4.2

Action                     |  1- 3 |  4- 6 || total
---------------------------+-------+-------++-------
  Melee: Dagger            |   143 |    87 ||   230
   Cast: Ensorcelled Hiber |    14 |    20 ||    34
    Use: Scroll            |     2 |     2 ||     4
         Potion            |       |     1 ||     1
   Stab: Sleeping          |    11 |    10 ||    21
 Armour: Robe              |    50 |    32 ||    82
  Dodge: Dodged            |   134 |   100 ||   234
